 Dungeon Crawl Stone Soup version 0.21.0-3-g78d12a8 (webtiles) character file.

53 Monsterracer the Insei (level 3, -5/26 HPs)
             Began as a Vampire Transmuter on Jan 14, 2018.
             Slain by an orc
             ... wielding a +0 trident
              (7 damage)
             ... on level 2 of the Dungeon.
             The game lasted 00:04:04 (963 turns).

Monsterracer the Insei (Vampire Transmuter)          Turns: 963, Time: 00:04:05

Health: -5/26      AC:  3    Str:  9    XL:     3   Next: 62%
Magic:  6/6        EV: 13    Int: 21    God:
Gold:   109        SH:  0    Dex: 14    Spells: 0/6 levels left

rFire    . . .     SeeInvis +     - Unarmed
rCold    . . .     Gourm    .   (no shield)
rNeg     . . .     Faith    .   b - +0 robe
rPois    .         Spirit   .   (no helmet)
rElec    .         Reflect  .   m - +0 cloak
rCorr    .         Harm     .   (no gloves)
MR       .....                  (no boots)
Stlth    +.........             (no amulet)
HPRegen  0.28/turn              (no ring)
MPRegen  0.10/turn              (no ring)

@: brilliant, flying, very slightly contaminated, regenerating quickly
A: fangs 3, see invisible, unbreathing
a: no special abilities


You were on level 2 of the Dungeon.
You were full.

You visited 1 branch of the dungeon, and saw 2 of its levels.

You collected 109 gold pieces.

Inventory:

Missiles
 a - 29 arrows
Armour
 b - a +0 robe (worn)
 e - a +0 shield
 m - a +0 cloak (worn)
Scrolls
 h - 2 scrolls of remove curse {unknown}
 i - a scroll of amnesia {unknown}
 l - a scroll of fog {unknown}
 o - a scroll of identify {unknown}
Potions
 d - 4 potions of blood
 k - a potion of degeneration {unknown}
 n - a potion of ambrosia {!q}
Books
 c - a book of Changes

   Spells                             Type                      Level
   a - Beastly Appendage              Transmutation                1
   b - Sticks to Snakes               Transmutation                2
   c - Spider Form                    Transmutation/Poison         3
   d - Ice Form                       Ice/Transmutation            4
   e - Blade Hands                    Transmutation                5


   Skills:
 + Level 1.6 Fighting
 + Level 2.8 Dodging
 + Level 3.7 Unarmed Combat
 + Level 2.4 Spellcasting
 + Level 2.7 Transmutations


You couldn't memorise any spells.
You knew the following spells:

 Your Spells              Type           Power        Failure   Level  Hunger
a - Beastly Appendage     Tmut           ####..       1%          1    None
b - Sticks to Snakes      Tmut           ####....     1%          2    ##.....
c - Spider Form           Tmut/Pois      ###.......   3%          3    ###....


Dungeon Overview and Level Annotations

Branches:
Dungeon (2/15)

Altars:


Innate Abilities, Weirdness & Mutations

Your natural rate of healing is unusually fast.
You have razor-sharp teeth.
You have supernaturally acute eyesight. (SInv)
You can survive without breathing.


Message History

You hit the ogre.
The ogre is poisoned.
The ogre is lightly wounded.
The ogre misses you. The orc misses you.
The orc wizard casts a spell.
The orc wizard seems to speed up.
Your transformation has ended.
Your +0 cloak unmelds from your body.
Your +0 robe unmelds from your body.
The ooze jiggles.
The orc wizard gestures wildly while chanting.
The orc wizard blinks!
Health restored: 26 The orc hits you with a war axe.
You take 5 damage, and have 21/26 hp.
The orc misses you.
Your magical contamination has completely faded away.
You hit the orc.
You kill the orc!
You hit the ooze but do no damage.
The ogre looks more healthy.
The ooze hits you.
You take 2 damage, and have 19/26 hp.
Casting: Spider Form
Confirm with . or Enter, or press ? or * to list all spells.
You don't have enough magic to cast that spell.
You hit the ooze.
The ooze is moderately wounded.
The ooze closely misses you. The ooze hits you but does no damage.
The ooze closely misses you. The ooze hits you but does no damage.
The orc barely misses you. The ooze barely misses you.
The orc wizard gestures wildly while chanting.
The orc wizard blinks!
The orc wizard hits you but does no damage. x2
Casting: Spider Form
Confirm with . or Enter, or press ? or * to list all spells.
You miscast Spider Form.
You are very lightly contaminated with residual magic.
Your hands glow momentarily.
The orc wizard barely misses you. The ooze misses you. The orc misses you.
You now have 0/6 mp.
You barely miss the orc wizard. The orc wizard hits you with a dagger.
The ooze hits you. The orc wizard barely misses you.
You take 3 damage, and have 18/26 hp.
You barely miss the orc wizard. The orc misses you.
The orc wizard hits you but does no damage.
The ooze hits you.
You take 4 damage, and have 14/26 hp.
You hit the orc wizard.
The orc wizard is lightly wounded.
The orc wizard closely misses you.
The orc hits you from afar with a trident!
* * * LOW HITPOINT WARNING * * *
The ooze closely misses you. The orc wizard hits you with a dagger.
* * * LOW HITPOINT WARNING * * *
You take 12 damage, and have 2/26 hp.
MASSIVE DAMAGE!!
Okay, then.
It was a potion of ambrosia.
You are confused.
You feel invigorated.
The orc wizard hits you but does no damage.
The orc misses you. The ooze hits you.
* * * LOW HITPOINT WARNING * * *
You regained 4 hp, and now have 6/26 hp.
You regained 4 mp, and now have 4/6 mp.
You hit the orc wizard.
The orc wizard is moderately wounded.
The orc wizard points at you and mumbles some strange words.
The magic dart hits you!
* * * LOW HITPOINT WARNING * * *
The ooze closely misses you.
The orc hits you from afar with a trident.
* * * LOW HITPOINT WARNING * * *
The orc wizard hits you with a dagger.
* * * LOW HITPOINT WARNING * * *
You take 5 damage, and have 1/26 hp.
MP restored: 6 You bump into the rock wall.
The orc wizard misses you. The ooze hits you.
* * * LOW HITPOINT WARNING * * *
The orc hits you from afar with a trident.
* * * LOW HITPOINT WARNING * * *
You're too confused to move!
You feel less invigorated.
You feel less confused. The orc wizard hits you with a dagger.
* * * LOW HITPOINT WARNING * * *
The ooze closely misses you.
The orc hits you from afar with a trident.
* * * LOW HITPOINT WARNING * * *
The orc wizard hits you but does no damage.
You take 1 damage, and have 1/26 hp.
It was a potion of brilliance.
You feel clever all of a sudden. The orc wizard misses you.
The ooze closely misses you. The orc misses you.
It was a potion of magic.
Magic courses through your body.
The orc wizard hits you but does no damage.
The ooze barely misses you. The orc wizard barely misses you.
It was a potion of flight.
You feel very buoyant.
You fly up into the air.
The orc hits you from afar with a trident!
You die...

.......# ### .....J.#
##.....##.% ## ....o..#
8.....8#.# .# #'#######.....##.#
.# #†.....# 8...8 #.# ##.###
###......# ##>## #.###....# #
...........#########......# #.##
#####........##.##........#.....
...........OoJ@o..............
###........#######.##.......#
..........# #..#.#####.#
####.......# ##†#....# #########
####.#..#.# #....#..#.#
####.......#.# ...........#.#
####...#...#.# ##


You could see an ogre, an orc wizard, an ooze and an orc.

Vanquished Creatures
  A gnoll (D:1)
  3 dart slugs
  A leopard gecko (D:1)
  2 orcs (D:2)
  3 giant cockroaches (D:1)
  3 goblins (D:1)
  2 hobgoblins
  5 kobolds (D:1)
  6 bats
  3 frilled lizards
  7 rats
36 creatures vanquished.

Notes
Turn   | Place    | Note
-------+----------+-------------------------------------------
     0 | D:1      | Monsterracer the Vampire Transmuter began the quest for the Orb.
     0 | D:1      | Reached XP level 1. HP: 14/14 MP: 3/3
    11 | D:1      | Reached skill level 1 in Fighting
   116 | D:1      | Reached XP level 2. HP: 19/21 MP: 5/5
   120 | D:1      | Learned a level 2 spell: Sticks to Snakes
   252 | D:1      | HP: 9/21 [goblin/dagger (3)]
   259 | D:1      | HP: 10/21 [goblin/dagger (1)]
   263 | D:1      | Reached XP level 3. HP: 7/26 MP: 4/6
   268 | D:1      | HP: 4/26 [hobgoblin (4)]
   599 | D:1      | Learned a level 3 spell: Spider Form
   920 | D:2      | Noticed an ogre
   956 | D:2      | HP: 6/26 [orc/trident (9)]
   956 | D:2      | HP: 2/26 [orc wizard/dagger (4)]
   963 | D:2      | Slain by an orc

Skill      XL: |  1 |
---------------+----+-----
Fighting       | 1 |  1.6
Dodging        | |  2.8
Unarmed Combat | |  3.7
Spellcasting   | |  2.4
Transmutations | |  2.7

Action                   || total
-------------------------++-------
Melee: Unarmed           ||   142
       Kick              ||     4
       Bite              ||    13
       Headbutt          ||     1
       Punch             ||     1
 Cast: Beastly Appendage ||     4
       Spider Form       ||     1
  Use: Potion            ||    11
 Stab: Sleeping          ||     1
Armor: Robe              ||    47
Dodge: Dodged            ||   127

Vault maps used:
D:1:      saegor_arrival_simple_b
D:2:      nicolae_overflow_hidden_temple, trog_book
